 Dungeon Crawl Stone Soup version 0.31-a0-222-gefeffbb62a (webtiles) character file.

Game seed: 10952731525105096566

258 qw the Shooter (level 5, -1/45 HPs)
             Began as a Minotaur Hexslinger on July 5, 2023.
             Slain by an orc wizard
             ... wielding a +2 dagger of electrocution
              (18 damage)
             ... on level 4 of the Dungeon.
             The game lasted 00:00:58 (2165 turns).

qw the Shooter (Minotaur Hexslinger)                Turns: 2165, Time: 00:00:58

Health: -1/45      AC:  6    Str: 12    XL:     5   Next: 94%
Magic:  5/5        EV: 12    Int: 10    God:
Gold:   190        SH:  0    Dex: 17    Spells: 5/6 levels left

rFire   . . .        Y - +3 sling (drain)
rCold   . . .        (no shield)
rNeg    + + .        o - +1 leather armour of Luedghoz {+Blink rN++ Dex+2}
rPois   .            (helmet restricted)
rElec   .            (no cloak)
rCorr   .            b - +0 pair of gloves
SInv    .            k - +0 pair of boots
Will    .....        (no amulet)
Stlth   +            (no ring)
HPRegen 0.27/turn    (no ring)
MPRegen 0.09/turn

%: no passive effects
@: no status effects
A: horns 2, retaliatory headbutt
a: Evoke Blink


You were on level 4 of the Dungeon.
You visited 1 branch of the dungeon, and saw 4 of its levels.

You collected 190 gold pieces.


Innate Abilities, Weirdness & Mutations

You have a pair of horns on your head.
You reflexively headbutt those who attack you in melee.


   Skills:
 - Level 3.4 Fighting
 + Level 5.9 Ranged Weapons
 - Level 1.5 Armour
 - Level 2.1 Dodging
 - Level 1.0 Spellcasting
 - Level 2.0 Hexes


You had 5 spell levels left.
You knew the following spells:

 Your Spells              Type           Power      Damage    Failure   Level
a - Slow                  Hex            16%        N/A       19%         1

Your spell library contained the following spells:

 Spells                   Type           Power      Damage    Failure   Level
 Inner Flame              Hex/Fire       2%         N/A       65%         3
 Portal Projectile        Hex/Tloc       4%         N/A       65%         3
 Cause Fear               Hex            2%         N/A       88%         4

Inventory:

Hand Weapons
 Y - a +3 sling of draining (weapon)
Armour
 b - a +0 pair of gloves (worn)
 k - a +0 pair of boots (worn)
 o - the +1 leather armour of Luedghoz (worn) {+Blink rN++ Dex+2}
   (You found it on level 3 of the Dungeon)

   Dex:       It affects your dexterity (+2).
   rN:        It greatly protects you from negative energy.
   +Blink:    It lets you blink.
Scrolls
 a - 2 scrolls of identify
Potions
 c - a potion of brilliance {unknown}
 d - 2 potions of mutation {unknown}
 e - a potion of heal wounds
 f - 3 potions of curing
 g - a potion of lignification {unknown}
 i - a potion of berserk rage {unknown}
 j - a potion of attraction {unknown}
 m - a potion of enlightenment {unknown}

Dungeon Overview and Level Annotations

Branches:
Dungeon (4/15)
 Temple: D:4-7

Altars:
Ashenzari

Shops:
D:3 :


Message History

The goblin shouts!
The sling bullet hits the orc.
The orc is lightly wounded.
The orc hits you with a +0 hand axe.
You shoot a sling bullet. The sling bullet hits the orc.
The orc is moderately wounded.
You hear some strange, mumbled words.
A magic dart appears from out of thin air!
The magic dart hits you. The orc hits you but does no damage.
An orc comes into view. It is wielding a +0 dagger.
You shoot a sling bullet.
The sling bullet closely misses the orc.
The sling bullet hits the kobold!
You kill the kobold!
Something hits you but does no damage. The orc closely misses you.
You shoot a sling bullet.
The sling bullet hits the orc but does no damage.
The orc is moderately wounded.
Something hits you but does no damage. The orc hits you with a +0 hand axe.
You shoot a sling bullet. The sling bullet barely misses the orc.
Something hits you. The orc hits you but does no damage.
You shoot a sling bullet.
The sling bullet completely misses the orc.
The sling bullet hits the orc.
The orc is severely wounded.
You hear some strange, mumbled words.
A magic dart appears from out of thin air!
The magic dart hits you! The orc hits you but does no damage.
You shoot a sling bullet. The sling bullet barely misses the orc.
The sling bullet hits the orc.
You kill the orc!
Something hits you but does no damage. The orc hits you with a +0 hand axe.
You shoot a sling bullet. The sling bullet hits the orc.
You kill the orc!
Something hits you. The goblin hits you with a +0 dagger.
Something hits you but does no damage.
You shoot a sling bullet.
The sling bullet closely misses the goblin.
Something hits you.
You are electrocuted!!
You die...

... .. #..# o...
...# .. #..#####..
#...... o## # #...))
..# #.# #..{g####.#
.. #...@..##)#.#
##.###..)...##
....####.##....# #
#. #.#....##.####
#...##.#.##......#
#.#......##.#.##.#..
#...####....#.# #.#
# #...###.### .
..##.#.
#.......####%
#....#.


You could see a goblin.

Vanquished Creatures
  An ogre (D:3)
  A hound (D:4)
  Terence (D:3)
  An orc wizard (D:4)
  An adder (D:2)
  2 worms
  6 orcs
  8 bats
  5 endoplasms
  4 giant cockroaches
  6 goblins
  10 hobgoblins
  2 quokkas (D:3)
  6 ball pythons
  6 frilled lizards
  5 kobolds
  4 rats
69 creatures vanquished.

Notes
Turn   | Place    | Note
-------+----------+-------------------------------------------
     0 | D:1      | qw the Minotaur Hexslinger began the quest for the Orb.
     0 | D:1      | Reached XP level 1. HP: 16/16 MP: 1/1
     0 | D:1      | 0 ||| qw: Version: 0.3-a-46-gb1f654a
     0 | D:1      | 0 ||| qw: Game counter: 1052
     0 | D:1      | 0 ||| qw: Melee chars always use a shield: true
     0 | D:1      | 0 ||| qw: God list: Okawaru
     0 | D:1      | 0 ||| qw: Allow faded altars: false
     0 | D:1      | 0 ||| qw: Do Orc after clearing Dungeon:15 true
     0 | D:1      | 0 ||| qw: Do second Lair branch before Depths: true
     0 | D:1      | 0 ||| qw: Lair rune preference: random
     0 | D:1      | 0 ||| qw: Goals: Normal
     0 | D:1      | 0 ||| PLANNING D:1-11
   286 | D:1      | Reached skill level 3 in Ranged Weapons
   286 | D:1      | Reached XP level 2. HP: 21/23 MP: 2/2
   727 | D:1      | 727 ||| UPGRADING to +0 pair of boots.
   732 | D:1      | 732 ||| UPGRADING to +0 leather armour.
   742 | D:1      | 742 ||| DROPPING +0 robe.
   743 | D:1      | 743 ||| READING 2 scrolls labelled JINTAPR CALLAWN.
   744 | D:1      | 744 ||| READING scroll labelled DUGAR SAZXEHY.
   745 | D:1      | 745 ||| READING scroll labelled PYR NOYMMIS.
   746 | D:1      | 746 ||| READING scroll labelled ELAASI ZALUYNA.
   747 | D:1      | 747 ||| DROPPING scroll of poison.
   826 | D:2      | Reached XP level 3. HP: 29/29 MP: 3/3
   872 | D:2      | Found a broken altar of Ashenzari.
   889 | D:2      | Found a faded altar of an unknown god.
  1092 | D:2      | Reached skill level 4 in Ranged Weapons
  1447 | D:2      | 1447 ||| READING scroll labelled DES NIUTRUTZIO.
  1448 | D:2      | 1448 ||| DRINKING 2 sapphire potions.
  1449 | D:2      | 1449 ||| READING 2 scrolls of identify.
  1449 | D:2      | 1449 ||| IDENTIFYING gluggy blue potion
  1450 | D:2      | 1450 ||| DROPPING potion of magic.
  1552 | D:3      | Reached XP level 4. HP: 36/36 MP: 4/4
  1580 | D:3      | Found Madghol's Vocational Training.
  1629 | D:3      | Found a broken altar of Ashenzari.
  1707 | D:3      | Noticed an ogre
  1717 | D:3      | Killed an ogre
  1718 | D:3      | Reached skill level 5 in Ranged Weapons
  1718 | D:3      | Reached XP level 5. HP: 26/41 MP: 5/5
  1774 | D:3      | Noticed Terence
  1783 | D:3      | Killed Terence
  1878 | D:3      | Identified the +1 leather armour of Luedghoz {+Blink rN++
                  | Dex+2}
  1988 | D:3      | 1988 ||| UPGRADING to +0 pair of gloves.
  1993 | D:3      | 1993 ||| UPGRADING to +0 ring mail.
  2003 | D:3      | 2003 ||| DROPPING +0 leather armour.
  2004 | D:3      | 2004 ||| UPGRADING to +1 leather armour of Luedghoz {+Blink
                  | rN++ Dex+2}.
  2014 | D:3      | 2014 ||| DROPPING +0 ring mail.
  2015 | D:3      | 2015 ||| READING 2 scrolls labelled YGYACO APSU.
  2016 | D:3      | 2016 ||| READING scroll of enchant weapon.
  2016 | D:3      | 2016 ||| ENCHANTING +2 sling of draining.
  2017 | D:3      | 2017 ||| READING scroll labelled FOAH UDUAPODO.
  2018 | D:3      | 2018 ||| DRINKING 4 blue potions.
  2073 | D:4      | Reached skill level 3 in Fighting
  2134 | D:4      | 2134 ||| Stepping ~*~*~tactically~*~*~ (outnumbered).
  2138 | D:4      | 2138 ||| Stepping ~*~*~tactically~*~*~ (outnumbered).
  2141 | D:4      | Reached skill level 1 in Armour
  2165 | D:4      | Slain by an orc wizard

Levels and vault maps discovered:
D:1:      dpeg_arrival_three_same_balls, layout_basic
D:2:      minmay_chambers_of_twos, layout_basic, basic_altar,
          basic_ecumenical_altar
D:3:      layout_rooms, nicolae_ashenzari_panopticon, nicolae_shop_vocational,
          uniq_terence
D:4:      layout_basic, nicolae_letterblocks [nicolae_letter_subblock,
          nicolae_letter_subblock, nicolae_letter_subblock,
          nicolae_letter_subblock, nicolae_letter_subblock,
          nicolae_letter_subblock, nicolae_letter_subblock,
          nicolae_letter_subblock, nicolae_letter_subblock,
          nicolae_letter_subblock, nicolae_letter_subblock,
          nicolae_letter_subblock, nicolae_letter_subblock,
          nicolae_letter_subblock, nicolae_letter_subblock,
          nicolae_letter_subblock, nicolae_letter_subblock,
          nicolae_letter_subblock, nicolae_letter_subblock,
          nicolae_letter_subblock, nicolae_letter_subblock,
          nicolae_letter_subblock, nicolae_letter_subblock,
          nicolae_letter_subblock, nicolae_letter_subblock], uniq_robin

Skill      XL: |  1  2  3  4  5 |
---------------+----------------+-----
Ranged Weapons | 3 4 5 |  5.9
Fighting       | 2 3 |  3.4
Armour         | 1 |  1.5
Dodging        | |  2.1
Spellcasting   | |  1.0
Hexes          | |  2.0

Action                     |  1- 3 |  4- 6 || total
---------------------------+-------+-------++-------
   Fire: Sling             |   134 |    76 ||   210
    Use: Scroll            |     6 |     3 ||     9
         Potion            |     1 |     1 ||     2
 Armour: Robe              |     7 |       ||     7
         Leather armour    |     4 |    10 ||    14
  Dodge: Dodged            |    24 |    17 ||    41

Table legend:
 A = Non-vault XP
 B = Vault XP
 C = Vault XP percentage of total XP
 D = Non-vault monster count
 E = Vault monster count
 F = Vault count percentage of total count
                 A         B        C        D         E       F
            +---------+---------+-------+---------+---------+-------
      Total |     318 |      51 |  13.8 |      60 |       9 |  13.0
            +---------+---------+-------+---------+---------+-------
        D:1 |      25 |       0 |   0.0 |      16 |       0 |   0.0
        D:2 |      46 |      15 |  24.6 |      18 |       8 |  30.8
        D:3 |     149 |      36 |  19.5 |      17 |       1 |   5.6
        D:4 |      98 |       0 |   0.0 |       9 |       0 |   0.0
            +---------+---------+-------+---------+---------+-------
